 Dungeon Crawl Stone Soup version 0.30.0-2-g1aa4bd4387 (webtiles) character file.

Game seed: 5639798894136583713

72 Descartes the Ducker (level 4, -2/19 HPs)
             Began as a Felid Transmuter on May 7, 2023.
             Killed from afar by Natasha (6 damage)
             ... with a magic dart
             ... on level 4 of the Dungeon.
             The game lasted 00:05:03 (2972 turns).

Descartes the Ducker (Felid Transmuter)             Turns: 2972, Time: 00:05:04

Health: -2/19      AC:  1    Str:  8    XL:     4   Next: 7%
Magic:  8/8        EV: 18    Int: 14    God:
Gold:   393        SH:  0    Dex: 16    Spells: 3/8 levels left
                                        Lives:  0   Deaths: 1

rFire   . .          .
                       - Unarmed
rCold   . . .        (shield unavailable)
rNeg    . . .        (body armour unavailable)
rPois   .            (helmet unavailable)
rElec   .            (cloak unavailable)
rCorr   .            (gloves unavailable)
SInv    +            (boots unavailable)
Will    .....        (no amulet)
Stlth   ++           o - ring of wizardry
HPRegen 0.23/turn    (no ring)
MPRegen 0.11/turn

%: wizardry (x1)
@: quick
A: very small, claws 1, fangs 3, see invisible, speed 1, shaggy fur 1, stealthy
paws, no weapons or thrown items, no armour, multi-lived
a: no special abilities


You were on level 4 of the Dungeon.
You visited 1 branch of the dungeon, and saw 4 of its levels.

You collected 393 gold pieces.

Inventory:

Jewellery
 o - a ring of wizardry (left paw)
 q - an amulet of regeneration
Scrolls
 c - 6 scrolls of identify {unknown}
 e - 3 scrolls of fog {unknown}
 f - a scroll of magic mapping {unknown}
 g - a scroll of enchant armour {unknown}
 h - a scroll of fear {unknown}
 j - 2 scrolls of summoning {unknown}
 k - a scroll of vulnerability {unknown}
 n - 2 scrolls of teleportation {unknown}
 r - a scroll of immolation {unknown}
Potions
 a - a potion of lignification
 b - a potion of might {unknown}
 d - 2 potions of mutation {unknown}
 i - a potion of berserk rage {unknown}
 l - a potion of heal wounds {unknown}
 m - 2 potions of curing {unknown}
 p - a potion of flight {unknown}


   Skills:
 + Level 2.1 Fighting
 + Level 3.8 Dodging
 + Level 0.5 Stealth
 + Level 3.5 Unarmed Combat
 + Level 2.6 Spellcasting
 + Level 0.7 Translocations
 + Level 3.1 Transmutations


You had 3 spell levels left.
You knew the following spells:

 Your Spells              Type           Power      Damage    Failure   Level
a - Beastly Appendage     Tmut           20%        N/A       2%          1
b - Manifold Assault      Tloc           3%         N/A       52%         4

Your spell library contained the following spells:

 Spells                   Type           Power      Damage    Failure   Level
 Wereblood                Tmut           10%        N/A       4%          2
 Spider Form              Tmut/Pois      6%         N/A       14%         3
 Ozocubu's Armour         Ice            1%         N/A       26%         3
 Ice Form                 Ice/Tmut       6%         N/A       41%         4
 Dispersal                Tloc           1%         N/A       100%        6
 Ozocubu's Refrigeration  Ice            0%         4d7       100%        7
 Disjunction              Tloc           1%         N/A       100%        8


Dungeon Overview and Level Annotations

Branches:
Dungeon (4/15)
 Temple: D:4-7

Altars:
Cheibriados
Kikubaaqudgha
Qazlal
Sif Muna
Uskayaw
Vehumet

Shops:
D:4 !

Annotations:
D:4 Natasha


Innate Abilities, Weirdness & Mutations

You have sharp claws.
You have razor-sharp teeth.
You have supernaturally acute eyesight. (SInv)
You cover ground quickly. (Speed+)
You are covered in fur. (AC +1)
Your paws help you pounce on unaware monsters.
You are incapable of wielding weapons or throwing items.
You cannot wear armour.
You gain extra lives every three experience levels.


Message History

Natasha is severely wounded.
Natasha mumbles some strange words.
You feel troubled. Natasha misses you. The cerulean imp barely misses you.
You barely miss Natasha.
Natasha is severely wounded.
Natasha closely misses you.
The cerulean imp hits you from afar with a +1 spear!
You barely miss Natasha. Your bite misses Natasha.
Natasha is severely wounded.
Natasha closely misses you.
The cerulean imp hits you from afar with a +1 spear.
You are too injured to fight recklessly!
You are too injured to fight recklessly!
You are too injured to fight recklessly!
You are too injured to fight recklessly!
You are too injured to fight recklessly!
You are too injured to fight recklessly!
You are too injured to fight recklessly!
You are too injured to fight recklessly!
You are too injured to fight recklessly!
You are too injured to fight recklessly!
You are too injured to fight recklessly!
You are too injured to fight recklessly!
You are too injured to fight recklessly!
You scratch Natasha but do no damage. You claw Natasha, but do no damage.
Natasha is severely wounded.
Natasha claws you.
* * * LOW HITPOINT WARNING * * *
The cerulean imp completely misses you.
You closely miss Natasha.
Natasha is severely wounded.
Natasha casts a spell.
The cerulean imp barely misses you.
Unknown command.
You scratch Natasha but do no damage.
Natasha is severely wounded.
Natasha stares at you and mumbles some strange words.
The magic dart hits you.
You die...

...)#...# ..
.........#### .........#
........# #. .......# ..
#.....### ########.
##5......#..........
#####.5.................
#.....h@....# .....#
#.########..## ......
#....##....## ##..
#._~....⌠...########..
#...~.................
#...~.~...######......
##.~~~~~~....###......
##.~~≈≈≈~.##..........
#..#...≈~≈~..######.....[


You could see Natasha and 2 cerulean imps.

Vanquished Creatures
  An iguana (D:4)
  An adder (D:3)
  A gnoll (D:1)
  9 orcs (D:3)
  3 ball pythons
  6 endoplasms
  A giant cockroach (D:1)
  3 goblins
  4 hobgoblins
  4 jackals (D:2)
  4 quokkas
  5 bats
  6 frilled lizards
  6 kobolds
  13 rats
67 creatures vanquished.

Notes
Turn   | Place    | Note
-------+----------+-------------------------------------------
     0 | D:1      | Descartes the Felid Transmuter began the quest for the Orb.
     0 | D:1      | Reached XP level 1. HP: 9/9 MP: 4/4
   141 | D:1      | Reached XP level 2. HP: 12/12 MP: 6/6
   291 | D:1      | Reached XP level 3. HP: 15/15 MP: 7/7
  1521 | D:3      | Found a snail-covered altar of Cheibriados.
  1679 | D:3      | Reached XP level 4. HP: 17/19 MP: 8/8
  1719 | D:3      | Found a radiant altar of Vehumet.
  1993 | D:3      | Learned a level 4 spell: Manifold Assault
  2284 | D:3      | Found a stormy altar of Qazlal.
  2293 | D:3      | Found a hide-covered altar of Uskayaw.
  2685 | D:4      | Found Jewn's Distillery.
  2706 | D:4      | Found a shimmering blue altar of Sif Muna.
  2768 | D:4      | Noticed an ogre
  2781 | D:4      | Slain by an ogre
  2782 | D:4      | Reached XP level 3. HP: -2/16 MP: 7/7
  2879 | D:4      | Reached XP level 4. HP: 19/19 MP: 8/8
  2905 | D:4      | Found the +0 toga "Victory" {*Victory Clar}
  2930 | D:4      | Found an ancient bone altar of Kikubaaqudgha.
  2958 | D:4      | Noticed Natasha
  2972 | D:4      | Killed from afar by Natasha

Illustrated notes

Levels and vault maps discovered:
D:1:      dpeg_arrival_orchard, layout_basic, minmay_rat_gold_closets
D:2:      layout_basic, kennysheep_another_room, serial_park_tiny_pond
D:3:      layout_basic, amcnicky_altar_gilded, mainiacjoe_overflow_brackets,
          mainiacjoe_overflow_swirl, serial_glass, glass_columns_c,
          glass_columns_b, minmay_misc_feat_square, minmay_misc_feat_room
D:4:      layout_rooms, kiku_gazebo_pond_becter, mainiacjoe_overflow_chevrons,
          serial_shops, shop_fountains, nicolae_kite_square_tiling_tiny,
          uniq_natasha

Skill      XL: |  1  2  3  4 |
---------------+-------------+-----
Dodging        | 3 |  3.8
Fighting       | 2 |  2.1
Transmutations | 3 |  3.1
Stealth        | |  0.5
Unarmed Combat | |  3.5
Spellcasting   | |  2.6
Translocations | |  0.7

Action                     |  1- 3 |  4- 6 || total
---------------------------+-------+-------++-------
  Melee: Unarmed           |   119 |    62 ||   181
         Bite              |    11 |     2 ||    13
         Punch             |     3 |     1 ||     4
   Stab: Sleeping          |     6 |     1 ||     7
         Distracted        |       |     1 ||     1
 Armour: Skin              |     2 |     2 ||     4
  Dodge: Dodged            |    77 |    47 ||   124
